 Dungeon Crawl Stone Soup version 0.26-a0-491-g70697cc071 (webtiles) character file.

Game seed: 11475334822501900255

4387 Gargoyl the Fighter (level 10, -3/123 HPs)
             Began as a Gnoll Abyssal Knight on Aug 5, 2020.
             Was a Priest of Lugonu.
             Slain by a wolf spider (20 damage)
             ... in a Gauntlet.
             The game lasted 00:14:40 (9239 turns).

Gargoyl the Fighter (Gnoll Abyssal Knight)          Turns: 9239, Time: 00:14:40

Health: -3/123     AC: 18    Str: 30    XL:     10   Next: 35%
Magic:  0/8        EV: 10    Int: 14    God:    Lugonu [***...]
Gold:   676        SH: 12    Dex: 21    Spells: 19/19 levels left

rFire    . . .     SeeInvis .   h - +11 rapier of Nomeg {vorpal, rC+ Int+3 Stlth+}
rCold    + . .     Faith    .   B - +0 kite shield
rNeg     + . .     Spirit   .   E - +0 plate armour
rPois    .         Reflect  .   (no helmet)
rElec    .         Harm     .   (no cloak)
rCorr    .         Rnd*Rage +   f - +1 pair of gloves
MR       +....     NoTele   +   C - +2 pair of boots
Stlth    ..........             (no amulet)
HPRegen  0.30/turn              u - ring of Ylekh {+Blink Str+4}
MPRegen  0.11/turn              l - ring of Peace {rN+ MP-9 Str+7 Int-4 Dex+6}

@: berserking, lethally poisoned (-3 -> -22), very quick
A: distributed training, fangs 1, berserk 1, magic resistance 1, strong 1,
strong nose
a: Depart the Abyss, Bend Space, Banish, Renounce Religion, Evoke Blink


You were in a Gauntlet.
You worshipped Lugonu.
Lugonu was most pleased with you.
You visited 2 branches of the dungeon, and saw 10 of its levels.
You visited the Abyss 1 time.
You also visited: Ossuary and Gauntlet.

You collected 676 gold pieces.

Inventory:

Hand Weapons
 a - a +4 hand axe
 h - the +11 rapier of Nomeg (weapon) {vorpal, rC+ Int+3 Stlth+}
   (You found it on level 9 of the Dungeon)

   It inflicts extra damage upon your enemies.
   It affects your intelligence (+3).
   It protects you from cold.
   It makes you more stealthy.
 m - a +2 dagger of venom
Missiles
 d - 13 boomerangs (quivered)
 g - 2 javelins
Armour
 f - a +1 pair of gloves (worn)
 B - a +0 kite shield (worn)
 C - a +2 pair of boots (worn)
 E - a +0 plate armour (worn)
Jewellery
 c - an uncursed ring of flight
 l - the ring of Peace (right hand) {rN+ MP-9 Str+7 Int-4 Dex+6}
   (You found it in a Gauntlet)

   [ring of dexterity]

   It affects your strength (+7).
   It affects your intelligence (-4).
   It affects your dexterity (+6).
   It protects you from negative energy.
   It affects your magic capacity (-9).
 u - the ring of Ylekh (left hand) {+Blink Str+4}
   (You acquired it on level 8 of the Dungeon)

   [ring of strength]

   It affects your strength (+4).
   It lets you blink.
 v - an uncursed ring of see invisible
Wands
 q - a wand of flame (70)
 x - a wand of acid (8)
 D - a wand of disintegration (16)
Scrolls
 i - 3 scrolls of teleportation
 p - a scroll of identify
 A - 3 scrolls of remove curse
Potions
 b - 3 potions of stabbing
 e - a potion of magic
 j - 3 potions of heal wounds
 k - a potion of flight {unknown}
 n - 2 potions of cancellation {unknown}
 o - a potion of curing
 s - 2 potions of brilliance
 w - a potion of mutation
 z - a potion of haste {unknown}
 F - 2 potions of resistance {unknown}


   Skills:
 + Level 8.4 Fighting
 + Level 5.2 Short Blades
 + Level 5.2 Long Blades
 + Level 7.0 Axes
 + Level 5.2 Maces & Flails
 + Level 5.2 Polearms
 + Level 5.2 Staves
 + Level 5.2 Slings
 + Level 5.2 Bows
 + Level 5.2 Crossbows
 + Level 5.2 Throwing
 + Level 7.0 Armour
 + Level 5.8 Dodging
 + Level 5.2 Stealth
 + Level 5.2 Shields
 + Level 5.2 Unarmed Combat
 + Level 5.2 Spellcasting
 + Level 4.3 Conjurations
 + Level 4.3 Hexes
 + Level 4.3 Summonings
 + Level 4.3 Necromancy
 + Level 4.3 Translocations
 + Level 4.3 Transmutations
 + Level 4.3 Fire Magic
 + Level 4.3 Ice Magic
 + Level 4.3 Air Magic
 + Level 4.3 Earth Magic
 + Level 4.3 Poison Magic
 + Level 7.4 Invocations
 + Level 5.2 Evocations


You had 19 spell levels left.
You didn't know any spells.
Your spell library contained the following spells:

 Spells                   Type           Power        Failure   Level
 Animate Skeleton         Necr           ###...       65%         1
 Apportation              Tloc           ###...       65%         1
 Corona                   Hex            ###....      65%         1
 Shock                    Conj/Air       ###.         65%         1
 Summon Small Mammal      Summ           ###.         65%         1
 Swiftness                Air            ###.....     80%         2
 Confusing Touch          Hex            ###.....     95%         3
 Gell's Gravitas          Tloc           ###.......   95%         3
 Static Discharge         Conj/Air       ###.....     95%         3
 Airstrike                Air            ###.......   100%        4
 Cause Fear               Hex            ###.......   100%        4
 Petrify                  Tmut/Erth      ###.....     100%        4
 Lightning Bolt           Conj/Air       ###.......   100%        5
 Metabolic Englaciation   Hex/Ice        ###.......   100%        5
 Silence                  Hex/Air        ###.......   100%        5
 Yara's Violent Unravell  Hex/Tmut       ###.......   100%        5
 Discord                  Hex            ###.......   100%        8


Dungeon Overview and Level Annotations

Branches:
Dungeon (9/15)             Temple (0/1) D:5            Lair (1/6) D:9
Ossuary (visited)         Gauntlet (1/1)
    Orc: D:9-12

Altars:
Dithmenos
Gozag
Makhleb
Ru
Uskayaw
Vehumet
Yredelemnul

Annotations:
Gauntlet 6 transporters, corrupted


Innate Abilities, Weirdness & Mutations

Your experience applies equally to all skills.
You have very sharp teeth.
Your uncanny sense of smell can sniff out nearby items.
You tend to lose your temper in combat.
You are resistant to hostile enchantments. (MR+)
Your muscles are strong. (Str +2)


Message History

The wolf spider misses you. The wolf spider closely misses you.
Unknown command.
You feel much better. You block the wolf spider's attack. x2
The wolf spider barely misses you. The wolf spider bites you!
* * * LOW HITPOINT WARNING * * *
The wolf spider hits you but does no damage.
The wolf spider barely misses you.
A red film seems to cover your vision as you go berserk!
You feel yourself moving faster!
You feel mighty! The wolf spider barely misses you.
The wolf spider bites you but does no damage.
You block the wolf spider's attack. The wolf spider bites you!
* * * LOW HITPOINT WARNING * * *
You are lethally poisoned!
The wolf spider poisons you!
You impale the wolf spider!! You bite the wolf spider!
The wolf spider is almost dead.
* * * LOW HITPOINT WARNING * * *
You feel sick. The wolf spider hits you!!
You die...

##.8.....8...................
#§§...............#†###.#..#.
.##§..#########....!.....#.§#.
..#...#.....#.#.#...#..#†≈≈.#.
8.#...#.###.#.#####........§#.
..#...#"^.###.#...#.≈#≈≈....#.
8.#.8.#©..y.ys#©=©#©..≈..≈..#©
..#...#:^§###s#...#[..≈§.≈.≈#.
8.#...#§###.#@#####≈.§.§§..≈#.
..#...#§....#.#...#.≈§≈§.≈≈.#.
.##...#########...#..§.≈≈©..#.
#≈...............###########.
##.8.....8...................
#...............8.....8.....8
#≈...###########..............
##...#.....#...#...#########..
...9###..


You could see a wolf spider (berserk), a moth of wrath and a redback (berserk).

Vanquished Creatures
  A komodo dragon (Lair:1)
  A redback (Gauntlet)
  Sigmund (D:3)
  5 yaks (D:8)
  Menkaure (D:4)
  2 porcupines (Lair:1)
  Purgy (D:4)
  3 ice beasts
  3 sky beasts
  2 phantoms
  2 centaurs (D:6)
  A crocodile (D:9)
  4 bullfrogs
  2 water moccasin zombies (Ossuary)
  3 scorpions
  An electric eel (Lair:1)
  3 bullfrog zombies
  A quasit (D:8)
  6 hounds
  A centaur zombie (D:6)
  3 jellies
  An orc wizard (D:2)
  2 bullfrog skeletons
  An iguana (D:6)
  3 worker ants
  2 big kobold zombies (Ossuary)
  A hound skeleton (D:6)
  2 mummies (Ossuary)
  2 worker ant zombies
  7 gnolls
  11 adders
  2 shadow imps
  3 white imps
  2 ufetubi (D:6)
  6 adder zombies
  2 adder skeletons
  3 dart slugs
  3 leopard geckos
  9 orcs
  2 ball pythons
  5 giant cockroaches
  4 gnoll zombies (Ossuary)
  10 goblins
  4 hobgoblins
  2 jackals
  4 quokkas
  5 bats
  4 frilled lizards
  5 hobgoblin zombies (Ossuary)
  5 kobolds
  5 kobold zombies (Ossuary)
  4 orc zombies (Ossuary)
  A quokka skeleton (D:7)
  5 rats
  A spectral orc (D:8)
175 creatures vanquished.

Vanquished Creatures (others)
  A green death (Gauntlet)
  A hell hog (Gauntlet)
  4 shadows (Gauntlet)
  A yak (D:7)
  3 fire bats (Gauntlet)
  3 hell hounds (Gauntlet)
  4 starspawn tentacles (Gauntlet)
17 creatures vanquished.

Grand Total: 192 creatures vanquished

Notes
Turn   | Place    | Note
-------+----------+-------------------------------------------
     0 | Abyss:1  | Gargoyl the Gnoll Abyssal Knight began the quest for the
                  | Orb.
     0 | Abyss:1  | Reached XP level 1. HP: 23/23 MP: 3/3
    59 | Abyss:1  | Reached XP level 2. HP: 21/29 MP: 5/5
   121 | D:1      | Escaped the Abyss
   457 | D:1      | Reached * piety under Lugonu
   551 | D:1      | Reached XP level 3. HP: 33/35 MP: 6/6
   972 | D:2      | Found a sacrificial altar of Ru.
   981 | D:2      | Reached skill level 1 in Short Blades
   981 | D:2      | Reached skill level 1 in Long Blades
   981 | D:2      | Reached skill level 1 in Maces & Flails
   981 | D:2      | Reached skill level 1 in Polearms
   981 | D:2      | Reached skill level 1 in Staves
   981 | D:2      | Reached skill level 1 in Slings
   981 | D:2      | Reached skill level 1 in Bows
   981 | D:2      | Reached skill level 1 in Crossbows
   981 | D:2      | Reached skill level 1 in Throwing
   981 | D:2      | Reached skill level 1 in Stealth
   981 | D:2      | Reached skill level 1 in Shields
   981 | D:2      | Reached skill level 1 in Unarmed Combat
   981 | D:2      | Reached skill level 1 in Spellcasting
   981 | D:2      | Reached skill level 1 in Evocations
   981 | D:2      | Reached XP level 4. HP: 41/41 MP: 7/7
  1575 | D:3      | Reached skill level 1 in Conjurations
  1575 | D:3      | Reached skill level 1 in Hexes
  1575 | D:3      | Reached skill level 1 in Summonings
  1575 | D:3      | Reached skill level 1 in Necromancy
  1575 | D:3      | Reached skill level 1 in Translocations
  1575 | D:3      | Reached skill level 1 in Transmutations
  1575 | D:3      | Reached skill level 1 in Fire Magic
  1575 | D:3      | Reached skill level 1 in Ice Magic
  1575 | D:3      | Reached skill level 1 in Air Magic
  1575 | D:3      | Reached skill level 1 in Earth Magic
  1575 | D:3      | Reached skill level 1 in Poison Magic
  1595 | D:3      | Noticed Sigmund
  1616 | D:3      | Reached XP level 5. HP: 30/47 MP: 8/8
  1623 | D:3      | HP: 1/47 [something (10)]
  1628 | D:3      | HP: 1/70 [something (6)]
  1630 | D:3      | Killed Sigmund
  1630 | D:3      | Reached skill level 5 in Invocations
  1630 | D:3      | Reached XP level 6. HP: 2/53 MP: 9/9
  2163 | D:3      | Found a shadowy altar of Dithmenos.
  2290 | D:4      | Found a radiant altar of Vehumet.
  2298 | D:4      | Reached skill level 5 in Axes
  2298 | D:4      | Reached skill level 5 in Armour
  2301 | D:4      | Reached ** piety under Lugonu
  2407 | D:4      | Noticed a phantom
  2456 | D:4      | Killed a phantom
  2667 | D:4      | Reached XP level 7. HP: 59/59 MP: 10/10
  2741 | D:4      | Noticed Purgy
  2759 | D:4      | Killed Purgy
  2759 | D:4      | Reached skill level 7 in Fighting
  2857 | D:4      | Noticed Menkaure
  2873 | D:4      | Killed Menkaure
  3316 | D:4      | Found an opulent altar of Gozag.
  3343 | D:5      | Entered Level 5 of the Dungeon
  3642 | D:5      | Found a sand-covered staircase.
  3649 | Ossuary  | Entered an ossuary
  3678 | Ossuary  | Reached XP level 8. HP: 64/67 MP: 12/12
  3832 | Ossuary  | Reached *** piety under Lugonu
  4102 | D:5      | Found a staircase to the Ecumenical Temple.
  5081 | D:7      | HP: 5/100 [bullfrog skeleton (3)]
  5656 | D:6      | Reached XP level 9. HP: 57/73 MP: 14/14
  6659 | D:8      | Reached skill level 5 in Dodging
  6896 | D:8      | Identified a scroll of acquirement
  6898 | D:8      | Acquired the ring of Ylekh {+Blink Str+4}
  6928 | D:8      | Noticed a +0 dagger
  6929 | D:8      | Noticed a +0 dagger
  6930 | D:8      | Found a hide-covered altar of Uskayaw.
  6964 | D:8      | Found a basalt altar of Yredelemnul.
  7015 | D:8      | Found a burning altar of Makhleb.
  7023 | D:8      | Reached **** piety under Lugonu
  7346 | D:8      | Reached skill level 8 in Fighting
  7716 | D:8      | Reached XP level 10. HP: 61/80 MP: 17/17
  8081 | D:9      | Found a staircase to the Lair.
  8135 | D:9      | Reached skill level 5 in Short Blades
  8135 | D:9      | Reached skill level 5 in Long Blades
  8135 | D:9      | Reached skill level 5 in Maces & Flails
  8135 | D:9      | Reached skill level 5 in Polearms
  8135 | D:9      | Reached skill level 5 in Staves
  8135 | D:9      | Reached skill level 5 in Slings
  8135 | D:9      | Reached skill level 5 in Bows
  8135 | D:9      | Reached skill level 5 in Crossbows
  8135 | D:9      | Reached skill level 5 in Throwing
  8135 | D:9      | Reached skill level 5 in Stealth
  8135 | D:9      | Reached skill level 5 in Shields
  8135 | D:9      | Reached skill level 5 in Unarmed Combat
  8135 | D:9      | Reached skill level 5 in Spellcasting
  8135 | D:9      | Reached skill level 5 in Evocations
  8141 | D:9      | Gained mutation: Your mind is acute. (Int +2) [potion of
                  | mutation]
  8141 | D:9      | Gained mutation: You are partially covered in slimy green
                  | scales. (AC +2) [potion of mutation]
  8142 | D:9      | Lost mutation: Your mind is acute. (Int +2) [potion of
                  | mutation]
  8142 | D:9      | Lost mutation: You are partially covered in slimy green
                  | scales. (AC +2) [potion of mutation]
  8142 | D:9      | Gained mutation: Your muscles are strong. (Str +2) [potion
                  | of mutation]
  8142 | D:9      | Gained mutation: You tend to lose your temper in combat.
                  | [potion of mutation]
  8142 | D:9      | Gained mutation: You are resistant to hostile enchantments.
                  | (MR+) [potion of mutation]
  8320 | D:9      | Got a jewelled rapier
  8321 | D:9      | Identified the +11 rapier of Nomeg {vorpal, rC+ Int+3
                  | Stlth+} (You found it on level 9 of the Dungeon)
  8583 | Lair:1   | Entered Level 1 of the Lair of Beasts
  8725 | Lair:1   | Got a warped scimitar
  8732 | Lair:1   | Identified the +4 scimitar "Giant's Toothpick" {vorpal,
                  | rF++} (You found it on level 1 of the Lair of Beasts)
  8768 | Lair:1   | Noticed a cane toad
  8787 | Lair:1   | Found a gate leading to a gauntlet.
  8796 | Gauntlet | Entered a Gauntlet
  8796 | Gauntlet | Found a transporter.
  9047 | Gauntlet | Noticed a molten gargoyle
  9048 | Gauntlet | Found a transporter.
  9049 | Gauntlet | Noticed a gargoyle
  9055 | Gauntlet | Noticed a gargoyle
  9070 | Gauntlet | Found the +3 robe of Clouds {+Thunder rCloud rElec}
  9070 | Gauntlet | Found a transporter.
  9072 | Gauntlet | Found a transporter.
  9072 | Gauntlet | Noticed a hell hog
  9073 | Gauntlet | Found a transporter.
  9078 | Gauntlet | Noticed a green death
  9092 | Gauntlet | Found a transporter.
  9094 | Gauntlet | Found a transporter.
  9095 | Gauntlet | Corrupted Gauntlet
  9095 | Gauntlet | Noticed a tentacled starspawn
  9095 | Gauntlet | Noticed a starcursed mass
  9095 | Gauntlet | Noticed a worldbinder
  9095 | Gauntlet | Noticed a smoke demon
  9095 | Gauntlet | Noticed a thrashing horror
  9096 | Gauntlet | Noticed a kobold demonologist
  9097 | Gauntlet | Noticed a wolf spider
  9097 | Gauntlet | Noticed a moth of wrath
  9098 | Gauntlet | Noticed a tentacled starspawn
  9099 | Gauntlet | Noticed a deep elf knight
  9099 | Gauntlet | Noticed a deep elf mage
  9100 | Gauntlet | Noticed a deep elf mage
  9101 | Gauntlet | Killed a hell hog
  9106 | Gauntlet | Killed a green death
  9108 | Gauntlet | Got a faintly glowing turquoise ring
  9219 | Gauntlet | Identified the ring of Peace {rN+ MP-9 Str+7 Int-4 Dex+6}
                  | (You found it in a Gauntlet)
  9223 | Gauntlet | Found a transporter.
  9239 | Gauntlet | Slain by a wolf spider

Illustrated notes

Levels and vault maps discovered:
D:1:      minmay_arrival_hallway, layout_basic, minmay_misc_feat_four_crosses,
          minivault_27, minmay_stone_trees_small, minmay_misc_feat_nine_boxes,
          minmay_misc_feat_iff, minmay_pentomino_v2
D:2:      layout_rooms, hex_large, nicolae_ru_great_annihilating_truth
D:3:      layout_basic, lemuel_coloured_pillars_altar, uniq_sigmund
D:4:      layout_basic, kennysheep_little_box, vehumet_altar_wand_db,
          uniq_purgy, uniq_menkaure
D:5:      layout_basic, minmay_temple_entry_wispy, portal_sewer_entry_e,
          chequers_ossuary_entry_cave
D:6:      layout_basic
D:7:      layout_rooms
D:8:      layout_basic, makhleb_heckhound_becter,
          yredelemnul_forgotten_temple_becter, dancing_weapons_uskayaw,
          minmay_quadrilaterals
D:9:      layout_loops_ring, dpeg_oklobed_lair
Lair:1:   layout_hall_layers, gauntlet_entry_generic, lemuel_old_faithful,
          serial_bayou_shore_a, infiniplex_staircase_pool
Gauntlet: minmay_gauntlet_mixed_oops_all_seconds
          [minmay_gauntlet_arena_77_p_blocks,
          nicolae_gauntlet_arena_flowing_pool,
          minmay_gauntlet_arena_77_radiant_squares,
          gammafunk_gauntlet_arena_teeth, minmay_gauntlet_arena_77_mirror,
          gammafunk_gauntlet_arena_grid, gauntlet_exit_spiral]

Skill      XL: |  1  2  3  4  5  6  7  8  9 10 |
---------------+-------------------------------+-----
Short Blades   | 1 2 3 4 5 |  5.2
Long Blades    | 1 2 3 4 5 |  5.2
Maces & Flails | 1 2 3 4 5 |  5.2
Polearms       | 1 2 3 4 5 |  5.2
Staves         | 1 2 3 4 5 |  5.2
Slings         | 1 2 3 4 5 |  5.2
Bows           | 1 2 3 4 5 |  5.2
Crossbows      | 1 2 3 4 5 |  5.2
Throwing       | 1 2 3 4 5 |  5.2
Stealth        | 1 2 3 4 5 |  5.2
Shields        | 1 2 3 4 5 |  5.2
Unarmed Combat | 1 2 3 4 5 |  5.2
Spellcasting   | 1 2 3 4 5 |  5.2
Evocations     | 1 2 3 4 5 |  5.2
Conjurations   | 1 2 3 4 |  4.3
Hexes          | 1 2 3 4 |  4.3
Summonings     | 1 2 3 4 |  4.3
Necromancy     | 1 2 3 4 |  4.3
Translocations | 1 2 3 4 |  4.3
Transmutations | 1 2 3 4 |  4.3
Fire Magic     | 1 2 3 4 |  4.3
Ice Magic      | 1 2 3 4 |  4.3
Air Magic      | 1 2 3 4 |  4.3
Earth Magic    | 1 2 3 4 |  4.3
Poison Magic   | 1 2 3 4 |  4.3
Dodging        | 3 4 5 |  5.8
Invocations    | 5 6 7 |  7.4
Axes           | 5 6 7 |  7.0
Armour         | 5 6 7 |  7.0
Fighting       | 7 8 |  8.4

Action                   |  1- 3 |  4- 6 |  7- 9 | 10-12 || total
-------------------------+-------+-------+-------+-------++-------
Melee: Hand axe          |    43 |    16 |   125 |       ||   184
       Bite              |     4 |     9 |    91 |    22 ||   126
       Dagger            |    21 |   103 |   501 |    80 ||   705
       Punch             |       |     1 |       |       ||     1
       Rapier            |       |       |       |    19 ||    19
Throw: Boomerang         |     3 |       |       |       ||     3
Invok: Depart the Abyss  |     1 |       |       |       ||     1
       Bend Space        |       |       |     2 |     1 ||     3
       Banish            |       |       |     1 |     2 ||     3
       Corrupt           |       |       |       |     1 ||     1
  Use: Scroll            |     8 |     5 |     8 |     7 ||    28
       Potion            |       |     4 |     3 |     4 ||    11
 Stab: Invisible         |       |     1 |       |       ||     1
       Paralysed         |       |     1 |       |       ||     1
Armor: Leather armour    |    16 |       |       |       ||    16
       Ring mail         |     7 |       |       |       ||     7
       Chain mail        |     4 |    88 |   278 |    23 ||   393
       Skin              |       |       |     4 |       ||     4
       Plate armour      |       |       |       |    19 ||    19
Dodge: Dodged            |    38 |    55 |   223 |    36 ||   352
Block: Buckler           |       |       |   118 |       ||   118
       Kite shield       |       |       |       |    51 ||    51

Table legend: (Time is in decaauts)
 A = Elapsed time spent in this place.
 B = Non-inter-level travel time spent in this place.
 C = Inter-level travel time spent in this place.
 D = Time resting spent in this place.
 E = Time spent auto-exploring this place.
 F = Levels seen in this place.
 G = Mean time per level.
                   A        B        C        D        E       F      G
               +--------+--------+--------+--------+--------+-----+--------+
         Total |   9160 |   8942 |    218 |   2862 |   4006 |  13 |  704.6 |
       Dungeon |   8053 |   7835 |    218 |   2340 |   3815 |   9 |  894.8 |
          Lair |    212 |    212 |      0 |     65 |     69 |   1 |  212.0 |
         Abyss |    121 |    121 |      0 |      0 |     95 |   1 |  121.0 |
       Ossuary |    331 |    331 |      0 |    103 |     27 |   1 |  331.0 |
      Gauntlet |    442 |    442 |      0 |    354 |      0 |   1 |  442.0 |
               +--------+--------+--------+--------+--------+-----+--------+

Top non-repeatable levels by time:
     D:7: 1267 daAuts
     D:6: 1036 daAuts
     D:3: 1009 daAuts
     D:5: 878 daAuts
     D:4: 876 daAuts
     D:8: 850 daAuts
     D:9: 798 daAuts
     D:1: 756 daAuts
     D:2: 579 daAuts
Gauntlet: 442 daAuts
 Ossuary: 331 daAuts
  Lair:1: 212 daAuts
 Abyss:1: 121 daAuts
